 Dungeon Crawl Stone Soup version 0.30-a0-165-g1891117ce2 (webtiles) character file.

Game seed: 6518617080806786743

41 qw the Chopper (level 3, -4/23 HPs)
             Began as a Gargoyle Fighter on Sept 28, 2022.
             Killed from afar by a steam dragon (9 damage)
             ... with a ball of steam
             ... on level 3 of the Dungeon.
             The game lasted 00:00:34 (2055 turns).

qw the Chopper (Gargoyle Fighter)                   Turns: 2055, Time: 00:00:34

Health: -4/23      AC: 10    Str: 21    XL:     3   Next: 52%
Magic:  3/3        EV:  9    Int:  8    God:
Gold:   105        SH:  4    Dex: 12    Spells: 2/2 levels left

rFire   . . .      SeeInvis .    Y - +3 war axe
rCold   + . .      Faith    .    c - +0 buckler
rNeg    + . .      Spirit   .    b - +0 scale mail
rPois   inf        Reflect  .    (no helmet)
rElec   +          Harm     .    (no cloak)
rCorr   .          Rampage  .    (no gloves)
Will    .....                    (no boots)
Stlth   ..........               (no amulet)
HPRegen 0.07/turn                h - ring of the Barracuda {rPois Will+ Dex+3}
MPRegen 0.08/turn                n - ring of protection from cold

@: weak-willed
A: sickness immunity, AC +3, negative energy resistance 1, electricity
resistance, torment resistance 1, petrification resistance
a: no special abilities


You were on level 3 of the Dungeon.
You visited 1 branch of the dungeon, and saw 3 of its levels.

You collected 105 gold pieces.


Innate Abilities, Weirdness & Mutations

You are immune to sickness and miasma.
Your stone body is resilient. (AC +3)
You are immune to poison.
You resist negative energy. (rN+)
You are resistant to electric shocks. (rElec)
You are resistant to unholy torment.
You are immune to petrification.


   Skills:
 - Level 3.2 Fighting
 + Level 3.4 Axes
 - Level 3.2 Armour
 - Level 3.2 Shields


You had 2 spell levels left.
You didn't know any spells.
Your spell library was empty.

Inventory:

Hand Weapons
 j - a +0 mace
 Y - a +3 war axe (weapon)
Armour
 b - a +0 scale mail (worn)
 c - a +0 buckler (worn)
 l - a +0 plate armour
Jewellery
 h - the ring of the Barracuda (left hand) {rPois Will+ Dex+3}
   (You found it on level 2 of the Dungeon)

   [ring of poison resistance]

   Dex:       It affects your dexterity (+3).
   rPois:     It protects you from poison.
   Will:      It increases your willpower.
 n - a ring of protection from cold (right hand)
Scrolls
 a - a scroll of identify
 k - a scroll of blinking {unknown}
Potions
 d - a potion of might
 e - 2 potions of curing {unknown}
 g - a potion of haste {unknown}
 i - a potion of attraction {unknown}
 m - 2 potions of heal wounds {unknown}

Dungeon Overview and Level Annotations

Branches:
Dungeon (3/15)

Altars:


Message History

You kill the hobgoblin!
You slash the ball python!
You kill the ball python!
A steam dragon comes into view.
The steam dragon hisses angrily.
The steam dragon breathes steam at you. The ball of steam misses you.
The steam dragon moves out of view.
2046 ||| Stepping ~*~*~tactically~*~*~ (cloud).
2048 ||| Stepping ~*~*~tactically~*~*~ (hiding).
You're standing in a cloud of steam!
2049 ||| UPGRADING to ring of protection from cold.
n - a ring of protection from cold (right hand)
You are engulfed in a cloud of scalding steam.
You're standing in a cloud of steam!
2050 ||| READING scroll labelled JOEMEC NIMA.
As you read the scroll labelled JOEMEC NIMA, it crumbles to dust.
Magic quickly surges around you.
It was a scroll of vulnerability.
You are engulfed in a cloud of scalding steam.
The steam dragon breathes steam at you. The ball of steam misses you.
You hit the steam dragon.
The steam dragon is lightly wounded.
The steam dragon barely misses you.
The steam dragon claws you but does no damage.
The steam dragon breathes steam at you. The ball of steam hits you.
You hit the steam dragon.
The steam dragon is moderately wounded.
You are engulfed in a cloud of scalding steam.
You block the steam dragon's attack. The steam dragon claws you.
You hit the steam dragon.
The steam dragon is moderately wounded.
You are engulfed in a cloud of scalding steam.
The steam dragon bites you but does no damage.
The steam dragon barely misses you.
You slash the steam dragon!
The steam dragon is severely wounded.
The steam dragon breathes steam at you. The ball of steam hits you!
You die...

#..# #####.#.#######.
###..####...###........
.........##.#.#######.
####..#.#..##..## ##.
..........##.########..
##.¤#.#.###...........
###..¤...# ##########..
#..¤...### #######..
#.....@# .........
#......D...............
#......###.............
#.......¤ ....####..#
####...### # #>..#
#...# #.#..# #...#
..###.# #.... ..# ##.
.# ##


You could see a steam dragon (catching breath, weak-willed).

Vanquished Creatures
  A dart slug (D:3)
  5 ball pythons
  3 bats
  4 endoplasms
  4 giant cockroaches
  A hobgoblin (D:3)
  2 quokkas
  3 frilled lizards
  5 goblins
  2 kobolds (D:1)
  6 rats
36 creatures vanquished.

Notes
Turn   | Place    | Note
-------+----------+-------------------------------------------
     0 | D:1      | qw the Gargoyle Fighter began the quest for the Orb.
     0 | D:1      | Reached XP level 1. HP: 14/14 MP: 1/1
     0 | D:1      | 0 ||| qw: Version: 0.2-a-12-gaebbb33
     0 | D:1      | 0 ||| qw: Game counter: 816
     0 | D:1      | 0 ||| qw: Always use a shield: true
     0 | D:1      | 0 ||| qw: God list: Okawaru
     0 | D:1      | 0 ||| qw: Allow faded altars: false
     0 | D:1      | 0 ||| qw: Do Orc after D:15 true
     0 | D:1      | 0 ||| qw: Do second Lair branch before Depths: true
     0 | D:1      | 0 ||| qw: Lair rune preference: random
     0 | D:1      | 0 ||| qw: Plans: Normal, Zot:1-4, God:TSO, Crypt, Tomb,
                  | Pan, Slime:5, Hells, Abyss, Orb
     0 | D:1      | 0 ||| PLANNING D:1-11
   234 | D:1      | Found a faded altar of an unknown god.
   281 | D:1      | Reached XP level 2. HP: 19/19 MP: 2/2
   312 | D:1      | 312 ||| Stepping ~*~*~tactically~*~*~ (stealth).
   316 | D:1      | 316 ||| Stepping ~*~*~tactically~*~*~ (stealth).
   318 | D:1      | 318 ||| Stepping ~*~*~tactically~*~*~ (stealth).
   333 | D:1      | 333 ||| Stepping ~*~*~tactically~*~*~ (stealth).
   379 | D:1      | 379 ||| Stepping ~*~*~tactically~*~*~ (stealth).
   396 | D:1      | 396 ||| Stepping ~*~*~tactically~*~*~ (stealth).
   515 | D:1      | 515 ||| DROPPING +0 club.
   790 | D:1      | Reached skill level 3 in Axes
   972 | D:1      | 972 ||| READING 2 scrolls labelled CALIHIUDI NIUZIURGH.
   973 | D:1      | 973 ||| READING scroll labelled FEWKAZ NIAWI.
  1009 | D:1      | 1009 ||| READING scroll labelled ATZIPH XIER.
  1061 | D:2      | 1061 ||| Stepping ~*~*~tactically~*~*~ (stealth).
  1220 | D:2      | Reached XP level 3. HP: 20/23 MP: 3/3
  1509 | D:2      | Identified the ring of the Barracuda {rPois Will+ Dex+3}
  1532 | D:2      | 1532 ||| SWAPPING to +3 war axe.
  1535 | D:2      | 1535 ||| DROPPING +0 war axe.
  1748 | D:2      | 1748 ||| UPGRADING to ring of the Barracuda {rPois Will+
                  | Dex+3}.
  1749 | D:2      | 1749 ||| READING scroll labelled UDEIHE HEBOC.
  1750 | D:2      | 1750 ||| READING scroll labelled WELEEN NEVITUI.
  1926 | D:3      | 1926 ||| FLEEEEING.
  1933 | D:3      | 1933 ||| FLEEEEING.
  1934 | D:3      | 1934 ||| FLEEEEING.
  2045 | D:3      | Noticed a steam dragon
  2046 | D:3      | 2046 ||| Stepping ~*~*~tactically~*~*~ (cloud).
  2048 | D:3      | 2048 ||| Stepping ~*~*~tactically~*~*~ (hiding).
  2049 | D:3      | 2049 ||| UPGRADING to ring of protection from cold.
  2050 | D:3      | 2050 ||| READING scroll labelled JOEMEC NIMA.
  2053 | D:3      | HP: 5/23 [steam dragon (1)]
  2055 | D:3      | Killed from afar by a steam dragon

Levels and vault maps discovered:
D:1:      matt_arrival_los_fun, layout_loops_ring,
          ebering_ecumenical_altar_mist, chequers_jeans, minmay_pentomino_r4
D:2:      layout_basic, kennysheep_generic_room_12
D:3:      layout_loops_ring

Skill      XL: |  1  2 |
---------------+-------+-----
Axes           | 2 3 |  3.4
Fighting       | |  3.2
Armour         | |  3.2
Shields        | |  3.2

Action                   || total
-------------------------++-------
Melee: War axe           ||    80
  Use: Scroll            ||     6
Armor: Scale mail        ||    34
Dodge: Dodged            ||    30
Block: Buckler           ||     9

Table legend:
 A = Non-vault XP
 B = Vault XP
 C = Vault XP percentage of total XP
 D = Non-vault monster count
 E = Vault monster count
 F = Vault count percentage of total count
                 A         B        C        D         E       F
            +---------+---------+-------+---------+---------+-------
      Total |      50 |       9 |  15.3 |      31 |       5 |  13.9
            +---------+---------+-------+---------+---------+-------
        D:1 |      24 |       6 |  20.0 |      16 |       3 |  15.8
        D:2 |      11 |       3 |  21.4 |       7 |       2 |  22.2
        D:3 |      15 |       0 |   0.0 |       8 |       0 |   0.0
            +---------+---------+-------+---------+---------+-------
